 Seeded DCSS version 0.32-a0-995-gb4a59205af (webtiles) character file.

Game seed: 20240422 (custom seed)

133 Orlauf the Slasher (level 4, -1/35 HPs)
             Began as a Demonspawn Gladiator on Apr 22, 2024.
             Slain by a ribbon worm (5 damage)
             ... on level 4 of the Dungeon.
             The game lasted 00:06:52 (2763 turns).

Orlauf the Slasher (Demonspawn Gladiator)           Turns: 2763, Time: 00:06:52

Health: -1/35      AC: 10    Str: 14 (17) XL:     4   Next: 94%
Magic:  4/4        EV:  6    Int:  6 (8)  God:
Gold:   1445       SH:  0    Dex: 11 (14) Spells: 3/3 levels left

rFire   + . .        a - +1 long sword
rCold   + . .        (no shield)
rNeg    . . .        n - +0 chain mail
rPois   .            c - +1 helmet
rElec   .            h - scarf {rC+ rF+}
rCorr   .            (no gloves)
SInv    +            (no boots)
Will    +....        (no amulet) Stlth
                     l - ring of see invisible
HPRegen 0.25/turn    (no ring)
MPRegen 0.18/turn

%: no passive effects
@: brilliant, on fire, enlightened, flying, glowing
A: magic regeneration
a: no special abilities


You were on level 4 of the Dungeon.
You visited 1 branch of the dungeon, and saw 4 of its levels.
You also visited: Sewer.

You collected 1445 gold pieces.

Inventory:

Hand Weapons
 a - a +1 long sword (weapon)
 b - a +0 short sword
Missiles
 d - 3 throwing nets (quivered)
 e - 6 javelins
Armour
 c - a +1 helmet (worn)
 h - a scarf of resistance (worn)
 m - a +0 ring mail
 n - a +0 chain mail (worn)
Jewellery
 l - a ring of see invisible (left hand)
Wands
 g - a wand of mindburst (6)
Scrolls
 k - 3 scrolls of teleportation
Potions
 f - a potion of brilliance
 i - 2 potions of attraction
 j - a potion of enlightenment
 o - a potion of degeneration
 t - a potion of cancellation
 v - a potion of haste {unknown}


   Skills:
 + Level 3.3 Fighting
 * Level 4.5 Long Blades
 - Level 1.7 Throwing
 - Level 2.6 Dodging


You had 3 spell levels left.
You didn't know any spells.
Your spell library was empty.

Dungeon Overview and Level Annotations

Branches:
Dungeon (4/15)              Sewer (visited)
 Temple: D:4-7

Altars:
Nemelex Xobeh
Okawaru
Trog
Wu Jian

Shops:
D:2 [   D:3 ?


Innate Abilities, Weirdness & Mutations

You regenerate magic rapidly.


Message History

* * * LOW HITPOINT WARNING * * *
The ribbon worm bites you but does no damage.
The bombardier beetle bites you but does no damage.
It was a potion of enlightenment.
You feel very buoyant.
You fly up into the air.
The liquid fire burns you!
* * * LOW HITPOINT WARNING * * *
The ribbon worm bites you but does no damage.
It was a potion of heal wounds.
You feel much better. The liquid fire burns you!
The bombardier beetle sprays incendiary fluid at you.
The burning spray hits you.
You are even more covered in liquid fire!
The web tears apart.
The liquid fire burns you! The ribbon worm bites you.
You barely miss the bombardier beetle.
The bombardier beetle is moderately wounded.
The liquid fire burns you!
* * * LOW HITPOINT WARNING * * *
The bombardier beetle sprays incendiary fluid at you.
The burning spray hits you.
You are even more covered in liquid fire!
The ribbon worm expels a string of sticky webbing.
The stream of webbing hits you but does no damage.
You are caught in a web!
The web tears apart.
The liquid fire burns you!
* * * LOW HITPOINT WARNING * * *
The ribbon worm bites you.
* * * LOW HITPOINT WARNING * * *
The bombardier beetle bites you but does no damage.
Unknown command.
You hit the bombardier beetle.
The bombardier beetle is heavily wounded.
The liquid fire burns you!
* * * LOW HITPOINT WARNING * * *
The ribbon worm bites you.
You die...

..# ...# ...# #
...### #.####....
# #.......###+#..
###..............
.......@B........
..##....w........
#.[.....##+##
#######<# ###


You could see a ribbon worm (catching breath) and a bombardier beetle.

Vanquished Creatures
  A hell rat (Sewer)
  2 adders (D:2)
  2 river rats (Sewer)
  A dart slug (D:1)
  2 orcs (D:3)
  5 endoplasms
  4 giant cockroaches
  4 hobgoblins
  7 jackals (D:1)
  7 kobolds
  3 quokkas
  5 ball pythons
  3 bats
  3 frilled lizards
  6 goblins
  13 rats
68 creatures vanquished.

Notes
Turn   | Place    | Note
-------+----------+-------------------------------------------
     0 | D:1      | Orlauf the Demonspawn Gladiator began the quest for the
                  | Orb.
     0 | D:1      | Reached XP level 1. HP: 16/16 MP: 1/1
    38 | D:1      | Found a faded altar of an unknown god.
   108 | D:1      | Reached skill level 3 in Long Blades
   194 | D:1      | Gained mutation: You regenerate magic rapidly. [demonic
                  | ancestry]
   194 | D:1      | Reached XP level 2. HP: 18/22 MP: 2/2
   532 | D:1      | Reached XP level 3. HP: 26/28 MP: 3/3
   875 | D:2      | Found Gebei's Antique Armour Shop.
  1447 | D:2      | Found a sparkling altar of Nemelex Xobeh.
  1664 | D:3      | Reached skill level 4 in Long Blades
  1664 | D:3      | Reached XP level 4. HP: 22/34 MP: 4/4
  1777 | D:3      | Found Naro's Magic Scroll Shop.
  1841 | D:3      | Found a glowing drain.
  1855 | Sewer    | Entered a sewer
  2184 | D:3      | Found an ornate altar of the Wu Jian Council.
  2192 | D:3      | Found a bloodstained altar of Trog.
  2542 | D:3      | Found a faded altar of an unknown god.
  2546 | D:3      | Found an iron altar of Okawaru.
  2604 | D:3      | Identified a scroll of acquirement
  2604 | D:3      | Acquired 1292 gold pieces
  2763 | D:4      | Slain by a ribbon worm

Illustrated notes

Levels and vault maps discovered:
D:1:      matt_arrival_diagonals, layout_basic, basic_ecumenical_altar,
          minmay_split_cup_small
D:2:      layout_loops_ring, basic_altar, serial_shops, shop,
          kennysheep_pointless_box
D:3:      layout_loops_cross, nicolae_overflow_ecumenical_swirl,
          minmay_overflow_temple_star_quad, serial_shops, shop,
          gup_sewer_entry_bowl, chequers_serial_rivers_small_3,
          reono_crystal_passage
D:4:      layout_basic, nicolae_goblin_pals

Skill      XL: |  1  2  3  4 |
---------------+-------------+-----
Long Blades    | 3 4 |  4.5
Fighting       | 3 |  3.3
Throwing       | |  1.7
Dodging        | |  2.6

Action                     |  1- 3 |  4- 6 || total
---------------------------+-------+-------++-------
  Melee: Long sword        |   153 |    86 ||   239
    Use: Scroll            |     4 |     4 ||     8
         Potion            |       |     4 ||     4
   Stab: Distracted        |     1 |       ||     1
 Armour: Leather armour    |   109 |       ||   109
         Ring mail         |     7 |    21 ||    28
         Chain mail        |       |    57 ||    57
  Dodge: Dodged            |   103 |    43 ||   146

Table legend: (Time is in decaauts)
 A = Elapsed time spent in this place.
 B = Non-inter-level travel time spent in this place.
 C = Inter-level travel time spent in this place.
 D = Time resting spent in this place.
 E = Time spent auto-exploring this place.
 F = Levels seen in this place.
 G = Mean time per level.
                   A        B        C        D        E       F      G
               +--------+--------+--------+--------+--------+-----+--------+
         Total |   2833 |   2733 |    100 |    378 |   1619 |   5 |  566.6 |
       Dungeon |   2611 |   2511 |    100 |    311 |   1582 |   4 |  652.8 |
         Sewer |    222 |    222 |      0 |     67 |     37 |   1 |  222.0 |
               +--------+--------+--------+--------+--------+-----+--------+

Top non-repeatable levels by time:
     D:3: 974 daAuts
     D:2: 915 daAuts
     D:1: 700 daAuts
   Sewer: 222 daAuts
     D:4: 21 daAuts
